 Dungeon Crawl Stone Soup version 0.30-a0-1082-g70414cbcbb (webtiles) character file.

Game seed: 3740978403356377566

35 Zonian the Ducker (level 3, 0/17 HPs)
             Began as a Felid Fighter on Apr 15, 2023.
             Slain by a kobold
             ... wielding a +2 whip of electrocution
              (13 damage)
             ... on level 1 of the Dungeon on Apr 16, 2023.
             The game lasted 00:02:09 (857 turns).

Zonian the Ducker (Felid Fighter)                    Turns: 857, Time: 00:02:09

Health: 0/17       AC:  1    Str: 14    XL:     3   Next: 17%
Magic:  4/4        EV: 19    Int:  9    God:
Gold:   37         SH:  0    Dex: 15    Spells: 2/2 levels left
                                        Lives:  0   Deaths: 0

rFire   . . .      SeeInvis +      - Unarmed
rCold   . . .      Faith    .    (shield unavailable)
rNeg    . . .      Spirit   .    (body armour unavailable)
rPois   .          Reflect  .    (helmet unavailable)
rElec   .          Rampage  .    (cloak unavailable)
rCorr   .                        (gloves unavailable)
Will    .....                    (boots unavailable)
Stlth   +                        (no amulet)
HPRegen 0.22/turn                (no ring)
MPRegen 0.09/turn                (no ring)

@: quick
A: very small, claws 1, fangs 3, see invisible, speed 1, shaggy fur 1, stealthy
paws, no weapons or thrown items, no armour, multi-lived
a: no special abilities


You were on level 1 of the Dungeon.
You visited 1 branch of the dungeon, and saw 1 of its levels.

You collected 37 gold pieces.

Inventory:

Scrolls
 c - a scroll of enchant armour {unknown}
 d - a scroll of silence {unknown}
 f - a scroll of fear {unknown}
Potions
 a - a potion of might
 b - a potion of invisibility {unknown}
 e - a potion of brilliance {unknown}


   Skills:
 + Level 3.4 Fighting
 + Level 4.7 Dodging
 + Level 4.4 Unarmed Combat


You had 2 spell levels left.
You didn't know any spells.
Your spell library contained the following spells:

 Spells                   Type           Power      Damage    Failure   Level
 Vhi's Electric Charge    Tloc/Air       0%         N/A       77%         3
 Arcjolt                  Conj/Air       0%         1d10      100%        5
 Maxwell's Capacitive Co  Air            0%         ∞         100%        8


Dungeon Overview and Level Annotations

Branches:
Dungeon (1/15)

Altars:


Innate Abilities, Weirdness & Mutations

You have sharp claws.
You have razor-sharp teeth.
You have supernaturally acute eyesight. (SInv)
You cover ground quickly. (Speed+)
You are covered in fur. (AC +1)
Your paws help you pounce on unaware monsters.
You are incapable of wielding weapons or throwing items.
You cannot wear armour.
You gain extra lives every three experience levels.


Message History

You kill the hobgoblin!
You claw the gnoll! You bite the gnoll.
The gnoll is almost dead.
The gnoll misses you.
You scratch the gnoll but do no damage.
The gnoll is almost dead.
The gnoll closely misses you.
You claw the gnoll!
You kill the gnoll!
You have reached level 3!
Your experience leads to an increase in your attributes!
Increase (S)trength, (I)ntelligence, or (D)exterity?
You feel stronger. x2
Unknown command.
Things that are here:
a +0 club; a gnoll corpse
e - an inky potion;
f - a scroll labelled KIMYEC BAAXKE You see here a +0 short sword.
You now have 24 gold pieces (gained 18).
Unknown command.
Found a stone staircase leading down.
You now have 37 gold pieces (gained 13).
You pick up Maxwell's Memoranda and begin reading...
You add the spells Vhi's Electric Charge, Arcjolt and Maxwell's Capacitive Coupling to your library.
Unknown command.
A kobold comes into view.
It is wielding a +2 whip of electrocution.
Found 5 stones, a metallic dark potion and 6 gold pieces.
A kobold is nearby!
Unknown command.
Found a metallic dark potion.
A frilled lizard comes into view.
The kobold shouts!
The frilled lizard hisses angrily.
The kobold throws a stone.
The stone misses you. The kobold completely misses you.
You claw the frilled lizard!
You kill the frilled lizard!
The kobold hits you with a +2 whip of electrocution.
You are electrocuted!
Ouch! That really hurt!
You die...

.............#
###..........#
).#..........#
###..........####
.)..............##
.##...#......##..###
.###..#.#......!..$#
..........#.#....K.#
.#........#.#...@.(##
...##.......#...†...#
.....................#
..##.##.....##.##....#
.##.#.##.#.##.#.###..#
.#..#...###... ..! ..#
.##.#.##.#.##.#.### .#
..##.##.....##.## .#
............. ..


You could see a kobold.

Vanquished Creatures
  A gnoll (D:1)
  A ball python (D:1)
  A giant cockroach (D:1)
  2 goblins (D:1)
  7 hobgoblins (D:1)
  2 quokkas (D:1)
  A bat (D:1)
  3 frilled lizards (D:1)
  4 kobolds (D:1)
22 creatures vanquished.

Notes
Turn   | Place    | Note
-------+----------+-------------------------------------------
     0 | D:1      | Zonian the Felid Fighter began the quest for the Orb.
     0 | D:1      | Reached XP level 1. HP: 10/10 MP: 2/2
   280 | D:1      | Reached XP level 2. HP: 14/14 MP: 3/3
   788 | D:1      | Reached XP level 3. HP: 15/17 MP: 4/4
   857 | D:1      | Slain by a kobold

Illustrated notes

Levels and vault maps discovered:
D:1:      erik_arrival_blinker_ship, layout_rooms, minmay_ruptured

Action                     || total
---------------------------++-------
  Melee: Unarmed           ||    65
         Punch             ||     3
         Bite              ||     8
 Armour: Skin              ||     1
  Dodge: Dodged            ||    51

Table legend: (Time is in decaauts)
 A = Elapsed time spent in this place.
 B = Non-inter-level travel time spent in this place.
 C = Inter-level travel time spent in this place.
 D = Time resting spent in this place.
 E = Time spent auto-exploring this place.
 F = Levels seen in this place.
 G = Mean time per level.
                   A        B        C        D        E       F      G
               +--------+--------+--------+--------+--------+-----+--------+
         Total |    792 |    792 |      0 |    463 |    114 |   1 |  792.0 |
       Dungeon |    792 |    792 |      0 |    463 |    114 |   1 |  792.0 |
               +--------+--------+--------+--------+--------+-----+--------+

Top non-repeatable levels by time:
     D:1: 792 daAuts
